[Event "Early-Titled-Tuesday-Blitz-September-26-2023"]
[Site "Chess.com"]
[Date "2023.09.26"]
[Round "2"]
[White "JaloliddinIlkhomi"]
[Black "Iskusnyh"]
[Result "1/2-1/2"]
[WhiteElo "2753"]
[BlackElo "2570"]
[TimeControl "180+1"]
[EndTime "8:19:22 PDT"]
[Termination "Game drawn - insufficient material"]

1. Nf3 d5 2. d4 Nf6 3. c3 c5 4. Bf4 Nc6 5. e3 Qb6 6. Qc2 g6 7. Nbd2 Bg7 8. Be2 Bf5 9. dxc5 Qxc5 10. Qb3 O-O 11. Qxb7 Nh5 12. Qb5 Qxb5 13. Bxb5 Nxf4 14. Bxc6 Nd3+ 15. Ke2 Rac8 16. e4 Rxc6 17. exf5 Nxb2 18. fxg6 Re6+ 19. Kf1 fxg6 20. Nd4 Rb6 21. Ke2 e5 22. N4f3 Na4 23. Rac1 e4 24. Ng5 Nxc3+ 25. Ke1 Nxa2 26. Ra1 Nb4 27. Rxa7 Nd3+ 28. Ke2 Rxf2+ 29. Ke3 Bh6 30. h4 Rf8 31. Rf1 Rxf1 32. Nxf1 Ne5 33. Kd4 Nc6+ 34.
Kc5 Nxa7 35. Kxb6 Nc8+ 36. Kc7 Ne7 37. Kd6 Nf5+ 38. Kxd5 Nxh4 39. Nxe4 Nxg2 40. Nfg3 Ne3+ 41. Ke6 Ng4 42. Ne2 Bg7 43. Nf4 Bb2 44. Nd5 Kg7 45. Nd6 Nh6 46. Ne8+ Kg8 47. Ne7+ Kh8 48. Nd5 Nf5 49. Nf4 Ng7+ 50. Nxg7 Kxg7 51. Kd5 g5 52. Nd3 Ba3 53. Ke4 Kg6 54. Ne5+ Kf6 55. Ng4+ Ke6 56.
Kf3 h5 57. Ne3 Kf6 58. Nd5+ Kg6 59. Ne7+ Kh6 60. Nf5+ Kg6 61. Ne3 h4 62. Nc4 Kh5 63.
Nxa3 g4+ 64. Kg2 Kg5 65. Nc4 Kf4 66. Nd2 Ke3 67. Nc4+ Kf4 68. Nd2 g3 69. Nf1 Kg4 70. Ne3+ Kf4 71. Nd5+ Kf5 72. Ne3+ Ke4 73. Ng4 Kf4 74. Nh6 h3+ 75. Kxh3 Kf3 76. Nf5 g2 77. Nh4+ Kf2 78. Nxg2 1/2-1/2

[Event "Early-Titled-Tuesday-Blitz-September-26-2023"]
[Site "Chess.com"]
[Date "2023.09.26"]
[Round "2"]
[White "Igrok3069"]
[Black "Kotofeyca"]
[Result "1-0"]
[WhiteElo "2867"]
[BlackElo "2399"]
[TimeControl "180+1"]
[EndTime "8:19:22 PDT"]
[Termination "Igrok3069 won on time"]

1. d4 d5 2. c4 c6 3. Nc3 Nf6 4. e3 a6 5. Bd3 Bg4 6. Qc2 e6 7. Nge2 Bxe2 8. Qxe2 Nbd7 9. O-O Be7 10. b3 O-O 11.
Bb2 b5 12. Rac1 Rb8 13. cxd5 cxd5 14. Rc2 Bb4 15. a3 Bd6 16. a4 bxa4 17. bxa4 a5 18. Bb5 Bb4 19. Rfc1 Nb6 20. Na2 Qe7 21. Nxb4 Qxb4 22.
Bc3 Qe7 23. Bxa5 Ne4 24. Rc6 Qa7 25. Bb4 Rfd8 26. f3 Nf6 27. Rc7 Rb7 28. Qc2 Nc4 29. Bc5 Qb8 30. Rxb7 Qxb7 31. Bxc4 dxc4 32. Qxc4 Nd5 33.
e4 Nf4 34. g3 Ng6 35. Qb5 Qa8 36. a5 Rb8 37. Bb6 Ne7 38. Qc5 Rc8 39. Bc7 Ng6 40. Qc6 Qa7 41. Qb6 Qa8 42. a6 Nf8 43.
Qb7 Nd7 44. Qxa8 Rxa8 45. Bd6 g5 46. Rc7 Nb6 47. a7 Nc8 48. Bc5 Kg7 49. Rb7 Kf6 50. Rb8 Rxa7 51. Bxa7 Nxa7 52. Rh8 Nc6 53. d5 exd5 54.
exd5 Nb4 55. d6 Ke6 56. Rxh7 Kxd6 57. Rxf7 Ke6 58. Rg7 Kf6 59. Rb7 Nd3 60. Kg2 Ne5 61. h3 Nd3 62. Rb6+ Kf5 63. Rb5+ Kf6 64. Rd5 Nb4 65.
Rd4 Ke5 66. Rxb4 1-0

[Event "Early-Titled-Tuesday-Blitz-September-26-2023"]
[Site "Chess.com"]
[Date "2023.09.26"]
[Round "2"]
[White "jk13"]
[Black "h4parah5"]
[Result "0-1"]
[WhiteElo "2621"]
[BlackElo "2962"]
[TimeControl "180+1"]
[EndTime "8:19:26 PDT"]
[Termination "h4parah5 won by resignation"]

1. e4 c5 2. c3 Nf6 3. e5 Nd5 4.
Bc4 Nb6 5. Bb3 Nc6 6. Nf3 d5 7. exd6 Qxd6 8. O-O c4 9. Bc2 Bg4 10. Qe2 g6 11. Na3 Qe6 12. Be4 Ne5 13. Re1 Bxf3 14. gxf3 O-O-O 15. Bxb7+ Kxb7 16. Qxe5 Qxe5 17. Rxe5 e6 18.
b3 Bxa3 19. Bxa3 Rxd2 20. Bc5 Nd7 21. Rg5 h6 22. Be3 hxg5 23. Bxd2 f6 24. f4 gxf4 25. Bxf4 g5 26. Rd1 Rh7 27. Bg3 cxb3 28. axb3 Nc5 29. f3 Rd7 30. Rxd7+ Nxd7 31. Kf2 Nc5 32. b4 Na4 33. c4 Nb2 34. Ke3 Nxc4+ 35. Kd3 Nb6 36. h4 gxh4 37. Bxh4 Nd5 38. Kc4 a6 39. Kc5 Kc7 40.
Be1 Kd7 41. b5 axb5 42. Kxb5 Kd6 43. Kc4 Ke5 44. Bg3+ Kf5 45. Kd4 Nf4 46. Ke3 Ng6 47. Bh2 Nh4 48. Bg3 Kg5 49. Ke4 Nf5 50. Bf2 Kg6 51. Kf4 Nd6 52. Kg4 e5 53. Be3 f5+ 54. Kh3 f4 55. Bd2 Nc4 56. Bc1 Ne3 57. Kh2 Kf5 58.
Kh3 Ke6 59. Kh2 Kd5 60. Bb2 Nc4 61. Bc3 Nd6 62. Kg2 Nf5 63. Kf2 Nd6 64. Bb2 Nf7 65.
Bc3 Kc4 66. Ba5 Kd3 67. Bc7 Kd4 68. Bb8 Nd8 69. Ke2 Ne6 70. Bd6 Ng5 71. Kf2 Nf7 72.
Bc7 Kd5 73. Bb8 Nd6 74. Ke2 Kc6 75. Kd3 Kd5 76. Bc7 Nb5 77. Bb8 Nd4 78. Ba7 Nxf3 79. Bf2 Ng5 80. Ke2 e4 81. Bh4 Ne6 82. Bf6 Nd4+ 83.
Kd2 Nf3+ 84. Ke2 Ke6 85. Bh8 Kf5 86. Bc3 Ne5 87. Ba5 e3 88. Bb6 Ke4 89. Kf1 f3 90. Ba5 Nc4 91. Bc3 Nd2+ 92. Bxd2 exd2 93. Kf2 d1=Q 0-1

[Event "Early-Titled-Tuesday-Blitz-September-26-2023"]
[Site "Chess.com"]
[Date "2023.09.26"]
[Round "2"]
[White "ZuraTqebuchava"]
[Black "Rosh1610"]
[Result "0-1"]
[WhiteElo "2259"]
[BlackElo "2479"]
[TimeControl "180+1"]
[EndTime "8:19:29 PDT"]
[Termination "Rosh1610 won on time"]

1. e4 c5 2. Nf3 d6 3. Bb5+ Nd7 4. O-O Nf6 5. Re1 a6 6. Bf1 g6 7.
c3 Bg7 8. d4 cxd4 9. cxd4 e5 10. dxe5 dxe5 11. Qd6 Qe7 12. Qxe7+ Kxe7 13. b3 Re8 14.
Ba3+ Kd8 15. Ng5 Nf8 16. Nxf7+ Kc7 17. Rc1+ Kb8 18. Bd6+ Ka7 19. Bxe5 Rxe5 20. Nxe5 Nxe4 21. f4 Nd7 22. Nc3 Nxc3 23. Rxc3 Nxe5 24. fxe5 Bxe5 25. Rac1 Bd4+ 26. Kh1 Bxc3 27. Rxc3 Bf5 28. Be2 Re8 29. Bf1 Re1 30. Kg1 Ra1 31. a4 Kb6 32. Kf2 Rb1 33. Bc4 Rb2+ 34. Kg3 Be4 35. Kf4 Bxg2 36. h4 Bc6 37.
Re3 Rh2 38. Kg5 Kc5 39. Re5+ Kd4 40. Re7 h5 41. Bf7 Rg2+ 42. Kh6 Rg4 43. Bxg6 Rxh4 44. Kg5 Rg4+ 45. Kxh5 Rg1 46. Bf7 Kc3 47. Kh6 Kb4 48. Re5 Rg3 49. Kh7 Rxb3 50. Bxb3 Kxb3 51. a5 Kb4 52. Kg7 Bb5 53. Kf6 Kxa5 54. Ke7 Kb4 55. Kd6 a5 56. Re4+ Bc4 57. Kc7 b5 58. Kb6 a4 59. Re1 a3 60. Rb1+ Bb3 61. Kc6 a2 62. Rg1 Bc4 63. Re1 Bd3 64. Rd1 Bb1 65. Rd4+ Kc3 66.
Rd8 a1=Q 67. Kxb5 Bd3+ 68. Kc5 Qa5+ 69. Kd6 Qxd8+ 0-1

[Event "Early-Titled-Tuesday-Blitz-September-26-2023"]
[Site "Chess.com"]
[Date "2023.09.26"]
[Round "2"]
[White "ActorXu"]
[Black "infinitegiantkiller"]
[Result "1-0"]
[WhiteElo "2690"]
[BlackElo "2448"]
[TimeControl "180+1"]
[EndTime "8:19:42 PDT"]
[Termination "ActorXu won on time"]

1. e4 c5 2. Nf3 Nc6 3. Bb5 g6 4. O-O Bg7 5. c3 Nf6 6. e5 Nd5 7. d4 cxd4 8. cxd4 O-O 9. Nc3 Nxc3 10. bxc3 d6 11. exd6 Qxd6 12. a4 Bg4 13. h3 Bf5 14. Ba3 Qd7 15. Re1 a6 16. Rxe7 Qc8 17. Bxc6 Qxc6 18. Qb3 b5 19. Bc5 Be6 20. Rxe6 Qxe6 21. Qxe6 fxe6 22. Bxf8 Rxf8 23. axb5 axb5 24. Rb1 Rb8 25.
Ng5 e5 26. d5 h6 27. Ne4 Bf8 28. f3 Kf7 29. Rb3 Ke7 30. Kf2 Kd7 31. Ke3 Kc7 32. Kd3 Kb6 33. Rb1 Ka6 34. Ra1+ Kb6 35. c4 bxc4+ 36.
Kxc4 Rc8+ 37. Kd3 Rd8 38. Kc4 Rc8+ 39. Kb3 Rd8 40. Rd1 Bc5 41. Kc4 Bd4 42. Rb1+ Kc7 43. d6+ Kc6 44. Kd3 Ra8 45. Rc1+ Kd7 46. Rc7+ Ke6 47.
Re7+ Kd5 48. d7 Kc6 49. Nf6 Rd8 50. Re8 Kc7 51. Rxd8 Kxd8 52. Ke4 Ke7 53. Ng8+ Kd8 54. Nxh6 Kxd7 55. Ng4 Ke6 56. Nh2 Bg1 57. Nf1 Bd4 58. Ne3 Ba1 59. Ng4 Kd6 60. Nf6 Ke6 61. Nd5 Kd6 62.
Ne3 Ke6 63. Nc4 Kf6 64. Nd2 Ke6 65. Ke3 Bd4+ 66. Ke2 Ba1 67. Ne4 Kf5 68. Kd3 Kf4 69.
Ke2 Kf5 70. g3 Ke6 71. g4 Kd5 72. Kd3 Ke6 73. Kc4 Bd4 74. Kb5 Ba1 75. Kc6 Bb2 76. Nf2 Bd4 77. Nd3 Ba1 78. Nc5+ Kf6 79. Kd5 Bb2 80. Nd7+ Ke7 81. Nxe5 1-0

[Event "Early-Titled-Tuesday-Blitz-September-26-2023"]
[Site "Chess.com"]
[Date "2023.09.26"]
[Round "2"]
[White "LoaySameer"]
[Black "Zhigalko_Sergei"]
[Result "1/2-1/2"]
[WhiteElo "2609"]
[BlackElo "2831"]
[TimeControl "180+1"]
[EndTime "8:19:44 PDT"]
[Termination "Game drawn by 50-move rule"]

1. Nf3 d5 2. g3 c6 3. Bg2 Bg4 4. O-O Nd7 5. d3 e6 6. Nbd2 Bd6 7. h3 Bh5 8. e4 Ne7 9. Qe2 O-O 10. Re1 a5 11. Nf1 a4 12. a3 Re8 13. g4 Bg6 14. e5 Bc7 15. Ng3 c5 16. h4 h6 17.
h5 Bh7 18. g5 Nf5 19. Nxf5 exf5 20. Bf4 hxg5 21. Bxg5 f6 22. exf6 Rxe2 23. f7+ Kxf7 24.
Bxd8 Rxe1+ 25. Rxe1 Bxd8 26. Ne5+ Nxe5 27. Rxe5 Be7 28.
Bxd5+ Kf8 29. Bxb7 Rb8 30. Bc6 Rxb2 31. Bxa4 Ra2 32. Re6 Rxa3 33. Ra6 Bf6 34. Ra8+ Ke7 35. Ra7+ Kd6 36. Ra6+ Ke5 37. h6 gxh6 38. f4+ Kxf4 39. Rxf6 Rxa4 40. Rxh6 Bg8 41. Rh4+ Ke3 42. Rxa4 Kd2 43.
Ra5 Kxc2 44. Rxc5+ Kxd3 45. Rxf5 Bb3 46. Kf2 Kc2 47.
Rc5+ Kb2 48. Ke3 Bc2 49. Kd2 Bb1 50. Rb5+ Ka1 51. Kc3 Ba2 52. Ra5 Kb1 53. Rg5 Ka1 54.
Kb4 Kb2 55. Rg2+ Ka1 56. Ka3 Bb1 57. Kb3 Bf5 58. Ra2+ Kb1 59. Rf2 Be6+ 60. Kc3 Ka1 61. Rf1+ Ka2 62. Rf2+ Ka1 63. Re2 Bf7 64. Re7 Bd5 65.
Rd7 Be6 66. Rd6 Bf7 67. Rd2 Bg6 68. Kb3 Bf7+ 69. Ka3 Bg6 70. Ra2+ Kb1 71. Rb2+ Ka1 72. Rb6 Bf5 73. Ra6 Kb1 74. Kb3 Bh7 75. Ra7 Bg8+ 76.
Kc3 Be6 77. Rb7+ Ka1 78. Rb2 Ba2 79. Rd2 Bf7 80. Rd7 Bg8 81. Kb4 Kb2 82. Rd2+ Ka1 83.
Ka3 Bh7 84. Rd1+ Bb1 85. Rd8 Bc2 86. Rc8 Bb1 87. Rc3 Bf5 88. Kb4 Bb1 89. Kb3 Bf5 90.
Rc1+ Bb1 91. Kc3 Ka2 92. Rh1 Ka1 93. Rg1 Ka2 94. Rg8 Ka1 95. Ra8+ 1/2-1/2

[Event "Early-Titled-Tuesday-Blitz-September-26-2023"]
[Site "Chess.com"]
[Date "2023.09.26"]
[Round "2"]
[White "bascheyaro"]
[Black "RandomNoob04"]
[Result "1/2-1/2"]
[WhiteElo "2806"]
[BlackElo "2596"]
[TimeControl "180+1"]
[EndTime "8:19:47 PDT"]
[Termination "Game drawn by repetition"]

1. d4 Nf6 2. c4 c5 3. Nf3 cxd4 4.
Nxd4 b6 5. e3 Bb7 6. Nc3 e6 7.
Nf3 Be7 8. g3 O-O 9. Bg2 d5 10.
Nd4 Qd7 11. Qa4 Qxa4 12. Nxa4 Rc8 13. b3 Nc6 14. Nxc6 Bxc6 15. cxd5 Nxd5 16. Bb2 Nxe3 17. Bxc6 Nc2+ 18. Ke2 Rxc6 19. Rac1 Rac8 20. Rhd1 Bf6 21. Rb1 Bxb2 22. Rxb2 Nb4 23. Rbd2 Nd5 24. Kf3 Rc1 25.
Rxc1 Rxc1 26. Nb2 g6 27. Nc4 Ra1 28. Ne5 Rc1 29. h4 h5 30. Ke2 Kf8 31. Nd3 Rc7 32. Ne5 Ke7 33. Nf3 Rc1 34. Nd4 a6 35. Kd3 Nb4+ 36.
Ke4 Nc6 37. Nf3 Rc3 38. Kf4 f6 39. Ke4 e5 40. Ne1 Ke6 41. Rd3 Rc1 42. Ng2 Nb4 43.
Rd2 f5+ 44. Ke3 Nd5+ 45. Kf3 e4+ 46. Ke2 Ke5 47. Rb2 Rg1 48. Ne3 Nxe3 49. Kxe3 Rd1 50. Rc2 Rd6 51. Rc8 Kd5 52. Rg8 Ke5 53. Re8+ Re6 54.
Rb8 a5 55. Rc8 Rd6 56. Re8+ Kf6 57. Rb8 Rc6 58. Ke2 Rc2+ 59. Ke3 Rxa2 60. Rxb6+ Kg7 61.
f3 exf3 62. Kxf3 Rb2 63. Kf4 a4 64. Rb7+ Kf8 65. Kg5 Rxb3 66. Ra7 Rxg3+ 67. Kf6 Ke8 68. Rxa4 Rg4 69. Ra7 f4 70. Ra3 Rg3 71. Ra4 f3 72.
Rd4 f2 73. Rf4 Rg2 74. Ke5 Ke7 75. Rf3 Rg4 76. Rxf2 Rxh4 77. Ra2 Rg4 78. Ra7+ Kd8 79. Kd6 Kc8 80. Rh7 h4 81. Rg7 g5 82. Ke6 Rg3 83. Kd5 h3 84. Rh7 g4 85. Kc6 Kd8 86. Kd6 Ke8 87. Ke6 Kf8 88. Kf6 Kg8 89. Ra7 h2 90.
Ra8+ Kh7 91. Ra7+ Kh6 92. Ra8 Kh7 93. Ra7+ Kg8 94. Ra8+ Kh7 1/2-1/2

[Event "Early-Titled-Tuesday-Blitz-September-26-2023"]
[Site "Chess.com"]
[Date "2023.09.26"]
[Round "2"]
[White "Caroexpert"]
[Black "ferdipy"]
[Result "0-1"]
[WhiteElo "2462"]
[BlackElo "2273"]
[TimeControl "180+1"]
[EndTime "8:19:56 PDT"]
[Termination "ferdipy won on time"]

1. Nf3 Nf6 2. c4 e6 3. Nc3 d5 4. e3 Be7 5. b3 O-O 6. Bb2 c5 7. cxd5 Nxd5 8. Nxd5 exd5 9. d4 b6 10. Be2 Ba6 11. Bxa6 Nxa6 12. O-O Bf6 13. Qe2 Nb4 14. Rfd1 Rc8 15. a3 Nc6 16. dxc5 Bxb2 17. Qxb2 bxc5 18.
Rac1 Ne7 19. Ne5 Qd6 20. Nd3 Rc7 21. Nf4 Rfc8 22. Qd2 Rd7 23. b4 c4 24. Qd4 Qb6 25.
Qc3 Rcd8 26. Rd4 Nc6 27. Rd2 h6 28. Rcd1 Ne7 29. Nh5 Qg6 30. Nf4 Qf5 31. Rd4 Nc6 32.
R4d2 d4 33. Qxc4 dxe3 34. Rxd7 exf2+ 35. Kxf2 Rxd7 36. Rxd7 Qxd7 37. Qd5 Qc7 38. g3 Qb6+ 39. Qc5 Qb7 40. Nd5 Nd8 41. Ne7+ Kh7 42. Qf5+ Kh8 43.
Nd5 Ne6 44. Qe5 Qd7 45. Qb8+ Kh7 46. Qe5 Kg8 47. Qb8+ Kh7 48. Qe5 Kg8 49. Qe4 Nf8 50. Ne7+ Kh8 51. Nf5 Qe6 52. Qxe6 Nxe6 53. Nd6 Kg8 54.
Nc8 a6 55. Ke3 Kf8 56. a4 Ke8 57. Nd6+ Kd7 58. Ne4 Kc6 59. Kd3 Kd5 60. Nc3+ Kc6 61. Kc4 Nc7 62. b5+ axb5+ 63. axb5+ Kb7 64. Kc5 Ne6+ 65. Kd6 Nd4 66. Ke7 f5 67. Kf7 g5 68. Kg6 f4 69. gxf4 gxf4 70. Kxh6 f3 71. Ne4 Nxb5 72. h4 Kc6 73. h5 Kd5 74. Nf2 Nd6 75. Kg7 Ke5 76.
Kg6 Nf5 77. Ng4+ Kf4 78. Nf2 Nh4+ 79. Kg7 Kg3 80. h6 Nf5+ 81. Kg6 Nxh6 82. Nd3 Ng4 83. Kg5 Ne3 84. Kh5 Nc4 85. Kg5 Ne5 0-1

[Event "Early-Titled-Tuesday-Blitz-September-26-2023"]
[Site "Chess.com"]
[Date "2023.09.26"]
[Round "2"]
[White "leejunhyeok"]
[Black "Oleksandr_Bortnyk"]
[Result "1/2-1/2"]
[WhiteElo "2649"]
[BlackElo "3035"]
[TimeControl "180+1"]
[EndTime "8:20:42 PDT"]
[Termination "Game drawn - insufficient material"]

1. e4 Nf6 2. e5 Nd5 3. d4 d6 4.
c4 Nb6 5. exd6 exd6 6. Nc3 Be7 7. Nf3 O-O 8. h3 Bf5 9. Bd3 Bxd3 10. Qxd3 Nc6 11. O-O Nb4 12. Qe2 Re8 13. a3 Bf6 14. Qd1 Nc6 15. b3 a5 16. Qd3 a4 17. b4 d5 18. c5 Nc4 19. Bf4 b6 20. Rfc1 bxc5 21. bxc5 N6a5 22. Nxa4 Qd7 23. c6 Qxc6 24. Nc5 Nb2 25.
Qf5 Nac4 26. Bg5 Bxd4 27. Nd3 Nxd3 28. Nxd4 Qg6 29. Rd1 Ncb2 30. Rd2 c5 31. Qxg6 hxg6 32. Nb5 Rab8 33. Nc7 Re5 34. f4 Rxg5 35. fxg5 d4 36.
Na6 Rc8 37. Rb1 c4 38. Nb4 c3 39. Rxd3 Nxd3 40. Nxd3 c2 41. Rc1 Rc3 42. Ne1 d3 43. Nxd3 Rxd3 44. Rxc2 Rxa3 45. h4 f5 46. gxf6 gxf6 47.
Kh2 Kg7 48. g3 f5 49. Rf2 Kh6 50. Kg2 Kh5 51. Kh3 Ra1 52. Rf4 Ra2 53. Rf3 Rb2 54. Rf4 Rb1 55. Rf3 Rh1+ 56. Kg2 Rc1 57. Rf4 Rc2+ 58. Kh3 Rc3 59. Rd4 Kh6 60. Rf4 Rc5 61.
Rb4 Ra5 62. Rc4 Rb5 63. Ra4 Rb6 64. Rc4 Kg7 65. Ra4 Kf6 66. Rc4 Ra6 67. Rb4 Rc6 68. Ra4 Rb6 69. Rc4 Rb3 70. Ra4 Ke5 71. Rc4 Rb1 72.
Ra4 Re1 73. Kg2 Re2+ 74. Kf3 Rb2 75. Ra5+ Kf6 76. Ra6+ Kg7 77. Ra7+ Kh6 78. Ra4 Kh5 79. Rc4 Ra2 80. Rb4 Ra3+ 81. Kg2 Kh6 82. Rc4 Rb3 83. Ra4 Kg7 84. Kf2 Rc3 85. Rb4 Kf6 86. Kg2 Rc2+ 87. Kf3 Rc6 88. Ra4 Rb6 89. Rc4 Ke5 90. Rc5+ Kd4 91. Ra5 Rb1 92. Ra4+ Ke5 93. Ra5+ Kf6 94. Ra6+ Kg7 95. Ra4 Kh6 96. Kg2 g5 97. hxg5+ Kxg5 98. Rc4 Rb2+ 99. Kf3 Rb3+ 100. Kg2 Ra3 101. Kf2 Ra2+ 102. Kf3 Ra5 103. Rb4 Kf6 104. Kf4 Ra6 105. Rc4 Re6 106. Rd4 Kg6 107. g4 fxg4 108. Kxg4 Re1 109. Rd6+ Kf7 110. Kf5 Ke7 111. Ra6 Rf1+ 112. Ke5 Re1+ 113. Kf5 Rh1 114. Ke5 Rh5+ 115. Kf4 Rd5 116. Ke4 Rd6 117. Rxd6 Kxd6 1/2-1/2

[Event "Early-Titled-Tuesday-Blitz-September-26-2023"]
[Site "Chess.com"]
[Date "2023.09.26"]
[Round "3"]
[White "Grossboss19"]
[Black "sorch29"]
[Result "1-0"]
[WhiteElo "2515"]
[BlackElo "2317"]
[TimeControl "180+1"]
[EndTime "8:22:29 PDT"]
[Termination "Grossboss19 won by resignation"]

1. d4 Nf6 2. Nc3 g6 3. e4 d6 4. Be3 e5 5. dxe5 dxe5 6. Qxd8+ Kxd8 7. O-O-O+ Nbd7 8. Nf3 c6 9. Nxe5 Ke8 10. Nxd7 Bxd7 11.
f3 Bg7 12. Bc4 Nh5 13. Bxf7+ 1-0

[Event "Early-Titled-Tuesday-Blitz-September-26-2023"]
[Site "Chess.com"]
[Date "2023.09.26"]
[Round "3"]
[White "PedroGil25"]
[Black "hakanazeri2"]
[Result "0-1"]
[WhiteElo "2327"]
[BlackElo "2590"]
[TimeControl "180+1"]
[EndTime "8:22:58 PDT"]
[Termination "hakanazeri2 won by resignation"]

1. c4 c5 2. Nf3 Nc6 3. g3 e6 4.
Bg2 Nf6 5. O-O d5 6. cxd5 exd5 7. d4 Bg4 8. Nc3 Bxf3 9. Bxf3 cxd4 10. Nb5 Qb6 11. a4 a6 12. Na3 Bxa3 13. Rxa3 O-O 14. Bg5 Ne4 15. Rb3 Qc5 16. Qc1 Qxc1 17. Rxc1 Nxg5 0-1

[Event "Early-Titled-Tuesday-Blitz-September-26-2023"]
[Site "Chess.com"]
[Date "2023.09.26"]
[Round "3"]
[White "Zhigalko_Sergei"]
[Black "jaskol95"]
[Result "1-0"]
[WhiteElo "2835"]
[BlackElo "2606"]
[TimeControl "180+1"]
[EndTime "8:23:25 PDT"]
[Termination "Zhigalko_Sergei won by resignation"]

1. e4 d5 2. exd5 Nf6 3. d4 Bg4 4. Bb5+ Nbd7 5. Be2 Bxe2 6. Qxe2 Nxd5 7. c4 N5f6 8. Nf3 e6 9. O-O Be7 10. Nc3 O-O 11.
Rd1 Re8 12. Bf4 c6 13. Rd3 Qa5 14. Ne5 Nxe5 15. dxe5 Qb4 16. exf6 Qxc4 17. Be5 1-0

[Event "Early-Titled-Tuesday-Blitz-September-26-2023"]
[Site "Chess.com"]
[Date "2023.09.26"]
[Round "3"]
[White "Saif_Malek04"]
[Black "Road2GM3000"]
[Result "1-0"]
[WhiteElo "2610"]
[BlackElo "2369"]
[TimeControl "180+1"]
[EndTime "8:24:14 PDT"]
[Termination "Saif_Malek04 won by resignation"]

1. e4 c5 2. Nf3 d6 3. d4 cxd4 4.
Nxd4 Nf6 5. Nc3 a6 6. Be2 e6 7. O-O Be7 8. f4 O-O 9. Be3 Bd7 10. a3 Nc6 11. Bf3 Qc7 12. Qe1 b5 13. Rd1 Nxd4 14. Bxd4 Bc6 15. Qg3 Rfd8 16. e5 dxe5 17. Bxe5 Qb7 18.
Rde1 g6 19. Kh1 Rd2 20. Bxc6 Qxc6 21. Bxf6 Bxf6 22. Ne4 Qxc2 23. Nxf6+ Kg7 24. Ne4 Qxb2 25. Nxd2 1-0

[Event "Early-Titled-Tuesday-Blitz-September-26-2023"]
[Site "Chess.com"]
[Date "2023.09.26"]
[Round "3"]
[White "Herman-NY"]
[Black "Raskolnikov6"]
[Result "0-1"]
[WhiteElo "2483"]
[BlackElo "2322"]
[TimeControl "180+1"]
[EndTime "8:24:30 PDT"]
[Termination "Raskolnikov6 won by resignation"]

1. e4 c5 2. Nf3 Nc6 3. d4 cxd4 4. c3 Nf6 5. e5 Nd5 6. cxd4 d6 7. Bc4 Nb6 8. Bb5 dxe5 9. Nxe5 Bd7 10. Nxd7 Qxd7 11.
Nc3 e6 12. Be3 a6 13. Bxc6 Qxc6 14. O-O Be7 15. Qg4 O-O 16. Bh6 Bf6 17. Ne4 Bxd4 18. Rfd1 f5 19. Qg3 Qxe4 20. Re1 Qg4 0-1

[Event "Early-Titled-Tuesday-Blitz-September-26-2023"]
[Site "Chess.com"]
[Date "2023.09.26"]
[Round "3"]
[White "Dacean99"]
[Black "FGHSMN"]
[Result "1-0"]
[WhiteElo "2540"]
[BlackElo "2860"]
[TimeControl "180+1"]
[EndTime "8:24:35 PDT"]
[Termination "Dacean99 won by resignation"]

1. d4 d5 2. c4 c6 3. Nf3 Nf6 4. Nc3 dxc4 5. a4 Bf5 6. e3 e6 7.
Bxc4 Bb4 8. O-O O-O 9. Qe2 Bg6 10. Ne5 Nbd7 11. f4 Nb6 12. Bb3 Nbd5 13. Bd2 a5 14. Rf3 Qb6 15. Bxd5 cxd5 16. g4 Be4 17. Rh3 Rad8 18. g5 Nd7 19. Nxe4 Nxe5 20. Nf6+ gxf6 21. Qh5 Nf3+ 22. Kh1 Rfe8 23. Qxh7+ Kf8 24. gxf6 1-0

[Event "Early-Titled-Tuesday-Blitz-September-26-2023"]
[Site "Chess.com"]
[Date "2023.09.26"]
[Round "3"]
[White "cristiano78"]
[Black "TatjanaVasilevich"]
[Result "1-0"]
[WhiteElo "2250"]
[BlackElo "2546"]
[TimeControl "180+1"]
[EndTime "8:24:44 PDT"]
[Termination "cristiano78 won by checkmate"]

1. d4 d5 2. c4 e6 3. Nf3 Nf6 4. Nc3 dxc4 5. Bg5 Be7 6. e4 a6 7.
Bxc4 b5 8. Bd3 Bb7 9. Qe2 Nbd7 10. Rc1 h6 11. Bh4 c5 12. O-O cxd4 13. Nxd4 O-O 14.
e5 Nd5 15. Bxe7 Qxe7 16. Nxd5 Bxd5 17. Be4 Nxe5 18. Bxd5 exd5 19. Rfe1 Rfe8 20. f4 Ng6 21. Qxe7 Nxe7 22. Re5 Ng6 23. Rxd5 Nxf4 24. Rd7 Rad8 25. Rxd8 Rxd8 26. Nc6 Rd2 27. Kf1 Rxb2 28. Ne7+ Kh7 29. Rc7 Nd3 30. g4 Rxa2 31. Nf5 Kg6 32. h4 f6 33.
Rxg7# 1-0

[Event "Early-Titled-Tuesday-Blitz-September-26-2023"]
[Site "Chess.com"]
[Date "2023.09.26"]
[Round "3"]
[White "DanielNaroditsky"]
[Black "DonkyDonkyDonkey"]
[Result "1/2-1/2"]
[WhiteElo "3149"]
[BlackElo "2737"]
[TimeControl "180+1"]
[EndTime "8:24:57 PDT"]
[Termination "Game drawn by agreement"]

1. e4 c5 2. Nf3 d6 3. Bb5+ Bd7 4. Bxd7+ Qxd7 5. O-O Nc6 6. d3 Nf6 7. Nc3 e5 8. Bg5 Be7 9. Nd2 h6 10. Bxf6 Bxf6 11. Nc4 O-O 12. Ne3 Bg5 13. Ncd5 Bxe3 14. Nxe3 Ne7 15. f4 f5 16. exf5 Nxf5 17. Qg4 Qf7 18.
Nxf5 Qxf5 19. Qxf5 Rxf5 20. fxe5 Rxe5 1/2-1/2

[Event "Early-Titled-Tuesday-Blitz-September-26-2023"]
[Site "Chess.com"]
[Date "2023.09.26"]
[Round "3"]
[White "ArtemDyachuk"]
[Black "Kielinkei"]
[Result "1-0"]
[WhiteElo "2698"]
[BlackElo "2473"]
[TimeControl "180+1"]
[EndTime "8:24:58 PDT"]
[Termination "ArtemDyachuk won by resignation"]

1. e4 c5 2. Nf3 e6 3. d4 cxd4 4. Nxd4 Nc6 5. Nc3 Qc7 6. Be3 a6 7. f4 b5 8. Bd3 Nxd4 9. Bxd4 Qxf4 10. Rf1 Qh4+ 11. g3 Qxh2 12. Qf3 f6 13. Rh1 Qxh1+ 14. Qxh1 e5 15. Nd5 Bd6 16. Bb6 Bb7 17. Bc7 Bc5 18. b4 Bxd5 19. exd5 Bxb4+ 20. Ke2 d6 21. Qh3 Ne7 22.
Qe6 h5 23. Bg6+ 1-0

[Event "Early-Titled-Tuesday-Blitz-September-26-2023"]
[Site "Chess.com"]
[Date "2023.09.26"]
[Round "3"]
[White "Tssunami"]
[Black "amanmuhammethommadov"]
[Result "0-1"]
[WhiteElo "2409"]
[BlackElo "2616"]
[TimeControl "180+1"]
[EndTime "8:25:00 PDT"]
[Termination "amanmuhammethommadov won by resignation"]

1. c4 Nf6 2. Nc3 g6 3. e4 d6 4. d4 Bg7 5. Be2 O-O 6. h4 h5 7.
Nh3 e5 8. Be3 Nc6 9. dxe5 dxe5 10. Ng5 Nd4 11. f3 c6 12. Qd2 Qe7 13. O-O-O Rd8 14.
Qe1 a5 15. Qf2 a4 16. g4 a3 17. b3 Qb4 18. Nb1 Nxb3+ 19. axb3 Rxd1+ 20. Rxd1 a2 21. Rd8+ Bf8 22. Bc5 axb1=Q+ 23. Kxb1 Qxb3+ 24. Kc1 Qc3+ 0-1

[Event "Early-Titled-Tuesday-Blitz-September-26-2023"]
[Site "Chess.com"]
[Date "2023.09.26"]
[Round "3"]
[White "DuleMudule"]
[Black "GeorgiosSouleidis"]
[Result "1-0"]
[WhiteElo "2772"]
[BlackElo "2541"]
[TimeControl "180+1"]
[EndTime "8:25:03 PDT"]
[Termination "DuleMudule won by resignation"]

1. d4 d5 2. Bf4 Nf6 3. e3 g6 4. Be2 Bg7 5. h4 O-O 6. h5 c5 7.
hxg6 hxg6 8. dxc5 Qa5+ 9. c3 Qxc5 10. Nd2 Nc6 11. Ngf3 Bg4 12. Qa4 Rfe8 13. Bg5 Bf5 14. Qh4 b5 15. Bh6 e5 16. Bxg7 Kxg7 17. Qh6+ 1-0

[Event "Early-Titled-Tuesday-Blitz-September-26-2023"]
[Site "Chess.com"]
[Date "2023.09.26"]
[Round "3"]
[White "Manukyan_Artak"]
[Black "giomar27"]
[Result "0-1"]
[WhiteElo "2407"]
[BlackElo "2262"]
[TimeControl "180+1"]
[EndTime "8:25:04 PDT"]
[Termination "giomar27 won by resignation"]

1. e4 e5 2. Nf3 d5 3. Nxe5 Bd6 4.
d4 dxe4 5. Nc4 Nf6 6. Bg5 O-O 7. Nc3 Re8 8. Be2 Nc6 9. O-O h6 10. Nxd6 cxd6 11. Bh4 g5 12. Bg3 d5 13. Nb5 Re7 14.
h4 a6 15. Na3 g4 16. c3 Be6 17. Nc2 Qd7 18. Ne3 Kh7 19. b4 Rg8 20. a4 Nh5 21.
Qd2 f5 22. Nc2 Rf7 23. Bf4 Nxf4 24. Qxf4 Ne7 25. h5 Rg5 26. g3 Rxh5 27. Kg2 Ng6 28.
Qd2 f4 29. gxf4 Nxf4+ 30. Kg1 Qe7 0-1

[Event "Early-Titled-Tuesday-Blitz-September-26-2023"]
[Site "Chess.com"]
[Date "2023.09.26"]
[Round "3"]
[White "TomLiu777"]
[Black "JiiHart"]
[Result "0-1"]
[WhiteElo "2358"]
[BlackElo "2177"]
[TimeControl "180+1"]
[EndTime "8:25:06 PDT"]
[Termination "JiiHart won by resignation"]

1. e4 c5 2. Nf3 Nc6 3. b3 e5 4.
Bb2 d6 5. Nc3 f5 6. Bc4 Na5 7.
Bxg8 Rxg8 8. d3 Be6 9. Ng5 Qxg5 10.
Qe2 Nc6 11. Nd5 Bxd5 12. exd5 Nd4 13. Bxd4 cxd4 14. O-O Be7 15. f4 Qg4 16. fxe5 Qxe2 17.
Rae1 Qxe1 18. Rxe1 dxe5 19. Rxe5 Kd7 0-1

[Event "Early-Titled-Tuesday-Blitz-September-26-2023"]
[Site "Chess.com"]
[Date "2023.09.26"]
[Round "3"]
[White "scarabee43"]
[Black "RandomNoob04"]
[Result "0-1"]
[WhiteElo "2779"]
[BlackElo "2608"]
[TimeControl "180+1"]
[EndTime "8:25:08 PDT"]
[Termination "RandomNoob04 won by resignation"]

1. d4 Nf6 2. c4 c5 3. d5 b5 4. cxb5 a6 5. bxa6 g6 6. Nc3 Bg7 7. e4 O-O 8. Nf3 Qa5 9. Bd3 Nxd5 10. exd5 Bxc3+ 11. bxc3 Qxc3+ 12. Qd2 Qxa1 13. O-O Bxa6 14.
Bb2 Qxa2 15. Qc3 f6 16. d6 e6 17. Bb1 Qc4 18. Qxc4 Bxc4 19. Rc1 Bd5 20. Rxc5 Na6 21. Rc1 Rfc8 22. Re1 Kf7 23. h4 Rab8 24. Ba1 Nb4 25. Nh2 Nc2 26. Bxc2 Rxc2 27. Ng4 e5 28. f4 Rxg2+ 0-1